AoeStats
← Cuervo

Lombardia

509016173Analyzed
3v3 RM · 7d ago on Sep 25, 2026· 29m 10s· 6 players
Game mode
Random Map
Map size
Normal (6 player)
Population
200
Speed
Normal
Resources
Standard
Victory
Conquest
Starting age
Dark Age
Ending age
Imperial Age
RankedLock teamsTeams togetherTeam positionsShared explorationLock speedFull tech treeHidden civsTurbo modeCheats
Victory
Defeat
🇺🇸 Franks · United States
1211
+13
🇺🇸 Malians · United States
1211
+13
🇺🇸 Danes · United States
1087
+18
🇨🇱 Varangians · Chile
1198
-17
🇦🇷 Byzantines · Argentina
1119
-14
🇦🇷 Bulgarians · Argentina
1104
-13
VZ | Thyrfing
9:33 Loom
10:13 Loom
10:28 Loom
12:32 Feudal Age
14:35 Loom
18:18 Castle Age
Gitu
3:17 Loom
11:06 Feudal Age
11:55 Double-Bit Axe
11:51 Horse Collar
21:34 Castle Age
28:11 Forging
28:08 Scale Barding Armor
Cuervo
10:55 Feudal Age
14:53 Castle Age
13:13 Double-Bit Axe
15:30 Loom
23:25 Crossbowman
25:48 Pikeman
William T. Piker
8:18 Loom
11:10 Feudal Age
11:28 Man-at-Arms
14:54 Forging
15:48 Arson
17:07 Fletching
20:05 Double-Bit Axe
21:03 Padded Archer Armor
27:56 Castle Age
28:04 Crossbowman
28:51 Squires
Jean-Luc Petard
4:21 Loom
12:00 Feudal Age
15:46 Forging
16:00 Scale Barding Armor
19:08 Double-Bit Axe
21:28 Castle Age
20:06 Gold Mining
20:05 Double-Bit Axe
22:31 Chain Barding Armor
22:47 Iron Casting
22:18 Husbandry
Deanna Troiisadai
11:43 Feudal Age
9:59 Loom
12:28 Double-Bit Axe
12:26 Horse Collar
18:11 Castle Age
17:34 Scale Mail Armor
17:45 Forging
18:39 Pikeman
19:19 Squires
28:12 Bow Saw
28:42 Gold Mining
30:19 Wheelbarrow
Connection lost

Rejoining the realm…

Still unreachable

The connection could not be restored.

Session expired

The server has moved on; the page needs a fresh start.